 Dungeon Crawl Stone Soup version 0.21-a0-72-gbbb65ab (webtiles) character file.

172 Kidiri the Insei (level 5, 0/37 HPs)
             Began as a Demonspawn Transmuter on June 20, 2017.
             Slain by an orc wizard
             ... wielding a +0 dagger
              (2 damage)
             ... on level 3 of the Dungeon.
             The game lasted 00:08:30 (2580 turns).

Kidiri the Insei (Demonspawn Transmuter)            Turns: 2580, Time: 00:08:30

Health: 0/37       AC:  6    Str: 11    XL:     5   Next: 27%
Magic:  6/9        EV: 12    Int: 15    God:
Gold:   33         SH:  0    Dex: 13    Spells: 2/10 levels left

rFire    . . .     SeeInvis .     - Unarmed
rCold    . . .     Gourm    .   (no shield)
rNeg     . . .     Faith    .   m - +0 leather armour
rPois    .         Spirit   .   (helmet restricted)
rElec    .         Reflect  .   (no cloak)
rCorr    .         Harm     .   n - +1 pair of gloves
MR       +....                  (no boots)
Stlth    +.........             (no amulet)
HPRegen  0.12/turn              (no ring)
MPRegen  0.11/turn              (no ring)

@: no status effects
A: antennae 1, magic resistance 1, mutation resistance 1, shaggy fur 1, spiny 1
a: no special abilities


You were on level 3 of the Dungeon.
You were very hungry.

You visited 1 branch of the dungeon, and saw 3 of its levels.

You collected 33 gold pieces.

Inventory:

Missiles
 a - 12 arrows
Armour
 m - a +0 leather armour (worn)
 n - a +1 pair of gloves (worn)
Scrolls
 e - a scroll of fear {unknown}
 g - a scroll of remove curse
 j - a scroll of magic mapping {unknown}
 k - 2 scrolls of identify
 l - 2 scrolls of fog {unknown}
Potions
 f - a potion of agility
 i - a potion of haste
Books
 c - a book of Changes

   Spells                             Type                      Level
   a - Beastly Appendage              Transmutation                1
   b - Sticks to Snakes               Transmutation                2
   c - Spider Form                    Transmutation/Poison         3
   d - Ice Form                       Ice/Transmutation            4
   e - Blade Hands                    Transmutation                5
Comestibles
 d - 2 bread rations


   Skills:
 * Level 1.6 Fighting
 + Level 1.0 Armour
 * Level 2.5 Dodging
 + Level 1.2 Stealth
 * Level 3.2 Unarmed Combat
 * Level 3.0 Spellcasting
 * Level 2.6 Transmutations
 + Level 0.3 Ice Magic
 + Level 0.0 Poison Magic


You had 2 spell levels left.
You knew the following spells:

 Your Spells              Type           Power        Failure   Level  Hunger
a - Beastly Appendage     Tmut           ##....       9%          1    #......
b - Spider Form           Tmut/Pois      #.........   41%         3    ###....
c - Ice Form              Ice/Tmut       #.......     82%         4    #####..


Dungeon Overview and Level Annotations

Branches:
Dungeon (3/15)

Altars:
The Shining One

Annotations:
D:3 Grinder


Innate Abilities, Weirdness & Mutations

You have a pair of small antennae on your head.
You are partially covered in sharp spines.
You are resistant to hostile enchantments. (MR+)
You are somewhat resistant to further mutation.
You are covered in fur. (AC +1)


Message History

* * * LOW HITPOINT WARNING * * *
You hit something. Your kick misses something.
Something hits you but does no damage.
You miss something. Your kick misses something.
Something hits you but does no damage.
You closely miss something. You claw something.
Your talons disappear.
Something hits you but does no damage.
You barely miss something. Something hits you.
* * * LOW HITPOINT WARNING * * *
Unknown command.
You hit something but do no damage. Something barely misses you.
Your magical contamination has completely faded away.
Unknown command.
You miss something. Something hits you but does no damage.
Unknown command.
You miss something. Something hits you but does no damage.
Unknown command.
You closely miss something. Something hits you.
You die...

###..#....#.
#..o<........#
##..#.######..#
#.. #..## #...
.... ##o.###..#
##.... ##.#...# #
#?.##...#
#.....########...
####..o{@.....#
##..######..#
#..# ....# ####..
###$ .# #


You could see an orc.

Vanquished Creatures
  An orc wizard (D:3)
  4 gnolls (D:3)
  4 adders (D:2)
  An ooze (D:1)
  A worm (D:1)
  2 dart slugs
  3 leopard geckos
  An orc (D:3)
  A giant cockroach (D:1)
  7 goblins
  10 hobgoblins
  2 quokkas (D:2)
  A ball python (D:2)
  4 bats
  A frilled lizard (D:3)
  8 kobolds
  7 rats
58 creatures vanquished.

Notes
Turn   | Place    | Note
-------+----------+-------------------------------------------
     0 | D:1      | Kidiri the Demonspawn Transmuter began the quest for the Orb.
     0 | D:1      | Reached XP level 1. HP: 15/15 MP: 3/3
   272 | D:1      | Gained mutation: You have a pair of small antennae on your head. [demonic ancestry]
   272 | D:1      | Reached XP level 2. HP: 16/21 MP: 3/5
  1029 | D:1      | Gained mutation: You are partially covered in sharp spines. [demonic ancestry]
  1029 | D:1      | Reached XP level 3. HP: 22/26 MP: 4/6
  1041 | D:1      | Learned a level 3 spell: Spider Form
  1217 | D:1      | Reached skill level 1 in Stealth
  1720 | D:2      | Reached XP level 4. HP: 28/32 MP: 4/8
  1790 | D:2      | Found a glowing golden altar of the Shining One.
  1998 | D:2      | Learned a level 4 spell: Ice Form
  2166 | D:3      | Reached XP level 5. HP: 19/37 MP: 6/9
  2207 | D:3      | Noticed Grinder
  2327 | D:3      | Paralysed by Grinder for 5 turns
  2564 | D:3      | Reached skill level 1 in Armour
  2572 | D:3      | Gained mutation: You are resistant to hostile enchantments. (MR+) [potion of mutation]
  2572 | D:3      | Gained mutation: You are somewhat resistant to further mutation. [potion of mutation]
  2572 | D:3      | Gained mutation: You are covered in fur. (AC +1) [potion of mutation]
  2580 | D:3      | Slain by an orc wizard

Vault maps used:
D:1:      evilmike_arrival_run_for_it, hangedman_decor_points
D:2:      nicolae_overflow_hidden_temple, minmay_pentomino_s2
D:3:      gammafunk_temple_overflow_wave, uniq_grinder

Skill      XL: |  1  2  3  4  5 |
---------------+----------------+-----
Dodging        | 2 |  2.5
Transmutations | 2 |  2.6
Stealth        | 1 |  1.2
Unarmed Combat | 3 |  3.2
Armour         | 1 |  1.0
Spellcasting   | 3 |  3.0
Fighting       | |  1.6
Ice Magic      | |  0.3

Action                   |  1- 3 |  4- 6 || total
-------------------------+-------+-------++-------
Melee: Unarmed           |   117 |    76 ||   193
       Kick              |    16 |    13 ||    29
       Punch             |     1 |       ||     1
 Cast: Beastly Appendage |    17 |     9 ||    26
       Spider Form       |     2 |     4 ||     6
  Use: Scroll            |     3 |       ||     3
       Potion            |       |     1 ||     1
 Stab: Sleeping          |     1 |       ||     1
  Eat: Chunk             |     4 |     2 ||     6
Armor: Robe              |    12 |       ||    12
       Leather armour    |     4 |    20 ||    24
Dodge: Dodged            |    63 |    31 ||    94
